 Dungeon Crawl Stone Soup version 0.30-a0-629-gd54f4be4f7 (webtiles) character file.

Game seed: 7970459157420091736

67 NinjaNoafa the Gusty (level 4, -4/24 HPs)
             Began as a Tengu Air Elementalist on Jan 12, 2023.
             Slain by Grinder (5 damage)
             ... on level 3 of the Dungeon.
             The game lasted 00:04:51 (2298 turns).

NinjaNoafa the Gusty (Tengu Air Elementalist)       Turns: 2298, Time: 00:04:52

Health: -4/24      AC:  2    Str:  9    XL:     4   Next: 18%
Magic:  6/8        EV: 13    Int: 23    God:
Gold:   139        SH:  0    Dex: 14    Spells: 1/8 levels left

rFire   . . .      SeeInvis .    m - +2 dagger (venom)
rCold   . . .      Faith    .    (no shield)
rNeg    . . .      Spirit   .    a - +0 robe
rPois   .          Reflect  .    (helmet restricted)
rElec   .          Harm     .    (no cloak)
rCorr   .          Rampage  .    (no gloves)
Will    .....                    (boots unavailable)
Stlth   ++                       d - amulet of magic regeneration
HPRegen 0.24/turn                f - ring of wizardry
MPRegen 0.51/turn                j - +6 ring of intelligence

@: sluggish, hasted
A: beak, talons 3
a: no special abilities


You were on level 3 of the Dungeon.
You visited 1 branch of the dungeon, and saw 3 of its levels.

You collected 139 gold pieces.

Inventory:

Hand Weapons
 m - a +2 dagger of venom (weapon)
Armour
 a - a +0 robe (worn)
Jewellery
 d - an amulet of magic regeneration (around neck)
 f - a ring of wizardry (left hand)
 j - a +6 ring of intelligence (right hand)
Scrolls
 c - 2 scrolls of vulnerability {unknown}
 e - 3 scrolls of teleportation {unknown}
 g - 2 scrolls of magic mapping {unknown}
 l - 3 scrolls of identify {unknown}
 n - a scroll of immolation {unknown}
 q - a scroll of enchant armour {unknown}
Potions
 b - a potion of magic
 h - 3 potions of haste
 i - 3 potions of flight {unknown}
 k - a potion of berserk rage {unknown}
 o - a potion of curing
 p - a potion of ambrosia {unknown}


   Skills:
 - Level 3.0 Dodging
 - Level 2.0 Stealth
 + Level 2.6 Spellcasting
 + Level 2.8 Conjurations
 + Level 4.7 Air Magic


You had one spell level left.
You knew the following spells:

 Your Spells              Type           Power      Damage    Failure   Level
a - Shock                 Conj/Air       80%        1d8       1%          1
b - Static Discharge      Conj/Air       40%        2-4/arc   1%          2
c - Swiftness             Air            24%        N/A       1%          3
d - Kiss of Death         Conj/Necr      36%        2d8       2%          1

Your spell library contained the following spells:

 Spells                   Type           Power      Damage    Failure   Level
 Sting                    Tmut/Pois      12%        1d3       4%          1
 Poisonous Vapours        Pois/Air       26%        N/A       2%          2
 Airstrike                Air            12%        2d(2-18)  7%          4
 Confusing Touch          Hex            3%         N/A       16%         3
 Dispel Undead            Necr           3%         3d7       43%         4
 Olgreb's Toxic Radiance  Pois           3%         N/A       43%         4


Dungeon Overview and Level Annotations

Branches:
Dungeon (3/15)

Altars:

Shops:
D:1 *

Annotations:
D:3 1 runed translucent door, Dordric's ghost, amateur DjWr; Grinder


Innate Abilities, Weirdness & Mutations

You have a beak for a mouth.
You have claws for feet.


Message History

Grinder is nearby!
The zap hits Grinder.
Grinder is lightly wounded.
Grinder gestures at you.
You suddenly lose the ability to move!
You can move again.
Grinder blinks!
Casting: Shock (safe; 1% risk of failure)
Confirm with . or Enter, or press ? or * to list all spells.
You feel quick.
Grinder blinks!
You start to feel a little slower.
Memorise Kiss of Death, consuming 1 spell level and leaving 1?
You start memorising the spell.
You continue memorising.
You finish memorising.
Spell assigned to 'd'.
You feel sluggish.
Grinder shouts!
Casting: Swiftness (safe; 1% risk of failure)
Confirm with . or Enter, or press ? or * to list all spells.
You can't see any susceptible monsters within range! (Use Z to cast anyway.)
Casting: Swiftness (safe; 1% risk of failure)
Confirm with . or Enter, or press ? or * to list all spells.
Grinder is struck by an arc of lightning.
Grinder is lightly wounded.
You are struck by an arc of lightning.
The lightning grounds out.
Grinder hits you!
You writhe in agony.
Casting: Static Discharge (safe; 1% risk of failure)
Confirm with . or Enter, or press ? or * to list all spells.
Grinder is struck by an arc of lightning.
Grinder is moderately wounded.
You are struck by an arc of lightning.
Grinder is struck by an arc of lightning.
Grinder is moderately wounded.
The lightning grounds out.
Grinder barely misses you.
It was a potion of haste.
You feel yourself speed up. Grinder misses you.
Okay, then.
Grinder attacks as you move away! Grinder hits you!
* * * LOW HITPOINT WARNING * * *
You writhe in agony.
You die...

..# #5########.# #.. ###
#.......#..####. ..#####
#######...#⌠.[.⌠ ......#
#.........#..##. ......#
#########.#########.#.#. ...†..#
........#.####....#.##.. ......#
#######............⌠...⌠
......###########5..#......#.##..
...........†....@###..†.####.#.#.
......###########.#.#.### #..##.
......# ###.##.######⌠...⌠
......# #............####.
########## #.#########.......
.........#######.# ########
.#######....<....# .# ###########
.#


You could see Grinder.

Vanquished Creatures
  3 adders
  A worm (D:2)
  6 bats
  4 endoplasms
  A giant cockroach (D:1)
  A goblin (D:1)
  3 hobgoblins
  4 jackals (D:2)
  A quokka (D:1)
  3 ball pythons (D:3)
  3 frilled lizards
  7 kobolds
  A rat (D:1)
38 creatures vanquished.

Notes
Turn   | Place    | Note
-------+----------+-------------------------------------------
     0 | D:1      | NinjaNoafa the Tengu Air Elementalist began the quest for
                  | the Orb.
     0 | D:1      | Reached XP level 1. HP: 10/10 MP: 4/4
   288 | D:1      | Reached XP level 2. HP: 15/15 MP: 6/6
   379 | D:1      | Found Niaschuimn's Assorted Antiques.
   898 | D:1      | Learned a level 2 spell: Static Discharge
  1109 | D:2      | Reached XP level 3. HP: 19/19 MP: 3/7
  1252 | D:2      | Learned a level 3 spell: Swiftness
  2049 | D:3      | Reached XP level 4. HP: 24/24 MP: 5/8
  2136 | D:3      | Found a runed translucent door.
  2141 | D:3      | Noticed Dordric's ghost (amateur DjWr)
  2256 | D:3      | Noticed Grinder
  2257 | D:3      | Paralysed by Grinder for 3 turns
  2289 | D:3      | Learned a level 1 spell: Kiss of Death
  2298 | D:3      | HP: 1/24 [Grinder (8)]
  2298 | D:3      | Slain by Grinder

Illustrated notes

Levels and vault maps discovered:
D:1:      dpeg_arrival_rooms_b, layout_basic, serial_shops, shop
D:2:      layout_loops_cross
D:3:      layout_loops_ring, ebering_ghost_sewer_f, roderic_three_in_a_row,
          uniq_terence, uniq_grinder

Skill      XL: |  1  2  3 |
---------------+----------+-----
Conjurations   | 2 |  2.8
Dodging        | 3 |  3.0
Stealth        | |  2.0
Spellcasting   | |  2.6
Air Magic      | |  4.7

Action                   |  1- 3 |  4- 6 || total
-------------------------+-------+-------++-------
Melee: Short sword       |     9 |       ||     9
       Kick              |     3 |       ||     3
       Peck              |     1 |       ||     1
 Cast: Shock             |    71 |     4 ||    75
       Static Discharge  |     3 |     2 ||     5
       Swiftness         |     2 |     2 ||     4
  Use: Potion            |     1 |     1 ||     2
 Stab: Sleeping          |     1 |       ||     1
Armor: Robe              |     6 |       ||     6
Dodge: Dodged            |    22 |     2 ||    24

Table legend: (Time is in decaauts)
 A = Elapsed time spent in this place.
 B = Non-inter-level travel time spent in this place.
 C = Inter-level travel time spent in this place.
 D = Time resting spent in this place.
 E = Time spent auto-exploring this place.
 F = Levels seen in this place.
 G = Mean time per level.
                   A        B        C        D        E       F      G
               +--------+--------+--------+--------+--------+-----+--------+
         Total |   2295 |   2182 |    113 |      0 |   1878 |   3 |  765.0 |
       Dungeon |   2295 |   2182 |    113 |      0 |   1878 |   3 |  765.0 |
               +--------+--------+--------+--------+--------+-----+--------+

Top non-repeatable levels by time:
     D:1: 1113 daAuts
     D:2: 830 daAuts
     D:3: 351 daAuts
